 Dungeon Crawl Stone Soup version 0.28.0-47-ge53b351184 (webtiles) character file.

Game seed: 1568936473929330460

141 GigaChad the Skirmisher (level 5, -8/44 HPs)
             Began as a Palentonga Fighter on Apr 27, 2022.
             Killed by divine providence
             ... invoked by an orc priest
              (12 damage)
             ... on level 3 of the Dungeon.
             The game lasted 00:05:52 (2084 turns).

GigaChad the Skirmisher (Palentonga Fighter)        Turns: 2084, Time: 00:05:53

Health: -8/44      AC: 10    Str: 19    XL:     5   Next: 3%
Magic:  5/5        EV:  3    Int:  9    God:
Gold:   59         SH:  4    Dex: 11    Spells: 4/4 levels left

rFire   . . .      SeeInvis +   a - +1 long sword
rCold   . . .      Faith    .   c - +0 buckler
rNeg    . . .      Spirit   .   e - +1 plate armour
rPois   .          Reflect  .   (no helmet)
rElec   .          Harm     .   (no cloak)
rCorr   .          Rampage  .   (no gloves)
Will    .....                   (no barding)
Stlth   ..........              (no amulet)
HPRegen 0.14/turn               (no ring)
MPRegen 0.09/turn               (no ring)

@: no status effects
A: large, rugged brown scales 3, see invisible, deformed body, roll 1, armoured
tail
a: Rolling Charge


You were on level 3 of the Dungeon.
You visited 1 branch of the dungeon, and saw 3 of its levels.

You collected 59 gold pieces.

Inventory:

Hand Weapons
 a - a +1 long sword (weapon)
Armour
 b - a +0 scale mail
 c - a +0 buckler (worn)
 e - a +1 plate armour (worn)
Scrolls
 g - a scroll of fear
 h - a scroll of noise {unknown}
 j - a scroll of magic mapping
 l - a scroll of teleportation
Potions
 d - a potion of might
 f - a potion of flight {unknown}
 i - 2 potions of lignification {unknown}
 k - 2 potions of curing {unknown}


   Skills:
 + Level 3.7 Fighting
 + Level 3.0 Long Blades
 + Level 3.3 Armour
 + Level 3.0 Shields


You had 4 spell levels left.
You didn't know any spells.
Your spell library contained the following spells:

 Spells                   Type           Power      Damage    Failure   Level
 Call Canine Familiar     Summ           0%         N/A       100%        3
 Inner Flame              Hex/Fire       0%         N/A       100%        3
 Portal Projectile        Hex/Tloc       0%         N/A       100%        3
 Cause Fear               Hex            0%         N/A       100%        4
 Leda's Liquefaction      Hex/Erth       0%         N/A       100%        4
 Fireball                 Conj/Fire      0%         3d3       100%        5
 Iskenderun's Battlesphe  Conj           0%         2d6       100%        5
 Conjure Ball Lightning   Conj/Air       0%         3x3d6     100%        6
 Orb of Destruction       Conj           0%         9d5       100%        7
 Discord                  Hex            0%         N/A       100%        8


Dungeon Overview and Level Annotations

Branches:
Dungeon (3/15)

Altars:

Shops:
D:2 (


Innate Abilities, Weirdness & Mutations

You are completely covered in rugged brown scales. (AC +3, +7% HP)
You have supernaturally acute eyesight. (SInv)
Armour fits poorly on your strangely shaped body.
You can roll at nearby foes to attack.
You have a long armoured tail.


Message History

The adder is almost dead.
The adder bites you.
* * * LOW HITPOINT WARNING * * *
You are poisoned.
The adder poisons you! You block the adder's attack.
You miss the adder.
The adder is almost dead.
* * * LOW HITPOINT WARNING * * *
You feel sick.
The adder bites you but does no damage. x2
You hit the adder.
You kill the adder!
You feel sick.
You have reached level 5!
You slash the orc!
You kill the orc!
You feel sick.
You are no longer poisoned.
The orc priest miscasts a cantrip.
Unknown command.
Unknown command.
Unknown command.
Unknown command.
Unknown command.
You hit the orc.
The orc is severely wounded.
The orc hits you but does no damage. x2
You hit the orc.
You kill the orc!
The giant cockroach waves its antennae.
The giant cockroach bites you but does no damage.
You closely miss the giant cockroach. You block the giant cockroach's attack.
The giant cockroach bites you but does no damage.
You closely miss the giant cockroach.
The giant cockroach bites you but does no damage.
You barely miss the giant cockroach.
Your tail-slap misses the giant cockroach.
You block the giant cockroach's attack.
The orc priest invokes the aid of Beogh against you.
Beogh smites you!
You die...

#### #.####### ...#
#........ ...#
#..#####. ...# #+
#..# #### ...
#..### .# ....
#....# .# .....
##...# ..#
.....o####...###.##
...
...$.oB@...........
......####...######
..... ##..# ....
##.# ... .# #+ .#
.. .# ##


You could see an orc priest, an orc and a giant cockroach.

Vanquished Creatures
  Natasha (thrice) (D:2)
  2 adders
  A dart slug (D:2)
  2 orcs (D:3)
  7 ball pythons
  6 endoplasms
  A giant cockroach (D:3)
  5 goblins
  A hobgoblin (D:2)
  2 quokkas
  3 bats (D:1)
  4 frilled lizards
  5 kobolds
  3 rats
45 creatures vanquished.

Notes
Turn   | Place    | Note
-------+----------+-------------------------------------------
     0 | D:1      | GigaChad the Palentonga Fighter began the quest for the
                  | Orb.
     0 | D:1      | Reached XP level 1. HP: 19/19 MP: 1/1
   185 | D:1      | Reached XP level 2. HP: 25/25 MP: 2/2
   676 | D:2      | Noticed Natasha
   687 | D:2      | Killed Natasha
   688 | D:2      | Reached XP level 3. HP: 16/31 MP: 3/3
   917 | D:2      | Found Sayt's Antique Weapon Emporium.
  1140 | D:2      | Noticed Natasha
  1146 | D:2      | Killed Natasha
  1147 | D:2      | Reached XP level 4. HP: 23/37 MP: 4/4
  1256 | D:2      | Noticed Natasha
  1261 | D:2      | Killed Natasha
  2079 | D:3      | Reached XP level 5. HP: 3/44 MP: 5/5
  2084 | D:3      | Killed from afar by an orc priest

Illustrated notes

Levels and vault maps discovered:
D:1:      erik_arrival_triangle_small, layout_basic,
          chequers_serial_rivers_micro_e, minmay_misc_feat_enclosed,
          chequers_serial_rivers_large_a
D:2:      layout_loops_corners, serial_shops, nicolae_shop_behind_doors,
          kennysheep_generic_room_14, uniq_natasha
D:3:      layout_loops_corners, chequers_ecumenical_altar_island

Skill      XL: |  1  2  3  4 |
---------------+-------------+-----
Shields        | 3 |  3.0
Armour         | 3 |  3.3
Long Blades    | 3 |  3.0
Fighting       | |  3.7

Action                   |  1- 3 |  4- 6 || total
-------------------------+-------+-------++-------
Melee: Long sword        |    72 |    34 ||   106
       Tailslap          |     6 |     2 ||     8
  Use: Scroll            |     5 |       ||     5
Armor: Plate armour      |    64 |    28 ||    92
Dodge: Dodged            |    16 |     4 ||    20
Block: Buckler           |    20 |    12 ||    32
